Map: Pillars of Gold LE

Players

ITACHI - Winner!

  • Race: Zerg Zerg
  • League: Master
  • Spawn Location: 1:00

DeathByToss

  • Race: Protoss Protoss
  • League: Master
  • Spawn Location: 7:00

VOD

Have the link to the VOD?

Description

Time

  • Played on: Dec. 5, 2020, 2:11 p.m.
  • Length: 12:22
Show
View Real Time Build Order
Export as new Build Order

ITACHI Zerg - Winner!

Build Orders: Pool First 

Get SALT Encoding   

  12  0:00  Drone  
  13  0:22  Spawning Pool  
  13  0:26  Drone  
  13  0:30  Drone  
  14  0:35  Extractor  
  14  0:37  Drone  
  15  0:44  Overlord  
  15  1:09  Zergling x4  
  15  1:10  Zergling x2  
  18  1:13  Queen  
  20  1:31  Hatchery  
  19  1:34  Drone  
  19  1:38  Drone  
  21  1:45  Overlord  
  21  1:51  Extractor  
  20  1:55  Drone  
  21  2:04  Spine Crawler  
  20  2:09  Spine Crawler  
  21  2:19  Drone x2  
  23  2:32  Zergling x6  
  26  2:46  Drone x2  
  26  2:47  Queen  
  30  2:53  Overlord  
  30  2:54  Drone  
  30  3:02  Drone  
  31  3:14  Drone x4  
  31  3:19  Drone x2  
  37  3:25  Queen  
  38  3:27  Zergling x2  
  38  3:31  Spine Crawler x2  
  38  3:37  Spine Crawler  
  37  3:41  Overlord  
  37  3:42  Zergling x2  
  38  3:58  Drone  
  38  4:01  Metabolic Boost  
  39  4:05  Drone  
  39  4:06  Drone x5  
  44  4:21  Lair  
  44  4:22  Overlord  
  44  4:23  Drone x4  
  48  4:38  Zergling x8  
  49  4:39  Zergling x2  
  45  5:07  Drone x5  
  45  5:08  Drone x2  
  45  5:12  Extractor  
  51  5:19  Zergling x8  
  51  5:20  Hatchery  
  54  5:33  Overlord x3  
  54  5:39  Extractor  
  54  5:42  Extractor  
  52  5:51  Queen  
  52  5:52  Zergling x10  
  52  5:53  Zergling x4  
  61  6:04  Drone x2  
  63  6:14  Zergling x4  
  63  6:24  Zergling x2  
  59  6:26  Queen x2  
  61  6:40  Queen  
  61  6:41  Overlord x2  
  61  6:42  Drone  
  61  6:43  Drone x3  
  61  6:44  Drone x5  
  72  6:48  Hydralisk Den  
  72  6:49  Evolution Chamber  
  72  6:50  Evolution Chamber  
  69  6:56  Spore Crawler  
  68  7:06  Queen  
  70  7:10  Drone x2  
  70  7:11  Drone x3, Spore Crawler  
  70  7:12  Drone x2  
  70  7:13  Drone x5  
  81  7:21  Grooved Spines  
  81  7:22  Zerg Missile Weapons Level 1  
  81  7:23  Zerg Ground Armor Level 1  
  81  7:28  Drone x3  
  81  7:29  Drone x2  
  86  7:31  Overlord  
  86  7:51  Extractor  
  86  7:53  Extractor  
  86  7:58  Queen x3  
  86  8:04  Drone  
  86  8:05  Drone x7  
  98  8:14  Hatchery  
  97  8:21  Spore Crawler  
  96  8:28  Hydralisk x2  
  96  8:29  Hydralisk x3  
  96  8:31  Extractor, Spawning Pool  
  104  8:50  Drone  
  104  8:51  Drone  
  104  8:52  Overlord x4  
  104  8:53  Overlord x4  
  106  9:01  Muscular Augments  
  106  9:02  Infestation Pit  
  98  9:19  Zergling x2  
  98  9:20  Zergling x24  
  98  9:21  Zerg Missile Weapons Level 2, Zerg Ground Armor Level 2  
  108  9:29  Overseer x2  
  108  9:38  Drone x2  
  109  9:39  Drone x4  
  114  9:49  Hydralisk x2  
  114  9:50  Hydralisk x2  
  114  9:52  Hydralisk  
  121  10:11  Zergling x4  
  121  10:12  Zergling x10  
  121  10:13  Hydralisk x2  
  121  10:14  Hydralisk x4  
  129  10:19  Hive  
  129  10:20  Pathogen Glands  
  139  10:21  Queen  
  139  10:24  Drone x5  
  139  10:25  Drone x5  
  139  10:27  Extractor  
  150  10:28  Extractor  
  149  10:36  Hydralisk x4  
  157  10:48  Hatchery  
  154  10:50  Hydralisk  
  154  10:51  Hydralisk x5  
  160  10:58  Hydralisk x3  
  160  10:59  Hydralisk x3  
  172  11:12  Hydralisk x2  
  172  11:13  Overlord  
  172  11:14  Overlord x2  
  176  11:37  Hydralisk  
  176  11:38  Hydralisk x4  
  186  11:44  Infestor x2  
Show
View Real Time Build Order
Export as new Build Order

DeathByToss Protoss 

Build Orders:  

Get SALT Encoding   

  12  0:01  Probe  
  13  0:13  Probe  
  14  0:25  Probe  
  15  0:38  Pylon  
  15  0:58  Gateway x2  
  15  1:00  Gateway  
  15  1:06  Probe  
  15  1:10  Assimilator  
  16  1:17  Pylon  
  16  1:22  Probe  
  17  1:34  Probe  
  18  1:54  Forge  
  18  1:56  Cybernetics Core  
  18  1:59  Pylon  
  18  2:28  Photon Cannon  
  18  2:33  Gateway x2  
  18  2:41  Pylon  
  17  2:45  Warp Gate (Chrono Boost)  
  17  2:49  Adept  
  19  3:02  Gateway  
  19  3:09  Adept x2  
  19  3:12  Probe  
  24  3:23  Stargate  
  24  3:31  Probe (Chrono Boost)  
  25  3:34  Adept  
  25  3:39  Assimilator  
  27  3:43  Probe (Chrono Boost)  
  28  3:50  Probe (Chrono Boost)  
  27  4:05  Nexus  
  27  4:15  Adept  
  27  4:16  Adept  
  31  4:23  Adept  
  33  4:32  Pylon  
  31  4:48  Void Ray (Chrono Boost)  
  33  5:04  Gateway  
  27  5:10  Probe  
  26  5:16  Void Ray (Chrono Boost)  
  26  5:21  Shield Battery  
  26  5:22  Probe  
  31  5:29  Probe  
  32  5:41  Stargate  
  32  6:02  Zealot  
  34  6:10  Gateway  
  33  6:12  Adept  
  33  6:13  Adept  
  33  6:16  Probe  
  38  6:23  Void Ray (Chrono Boost)  
  41  6:37  Probe (Chrono Boost)  
  43  6:42  Probe (Chrono Boost)  
  43  6:43  Void Ray (Chrono Boost)  
  48  6:47  Probe (Chrono Boost)  
  48  6:51  Probe (Chrono Boost)  
  48  6:52  Probe (Chrono Boost)  
  50  7:01  Probe  
  50  7:04  Probe, Protoss Air Weapons Level 1 (Chrono Boost)  
  52  7:13  Probe  
  53  7:16  Probe  
  54  7:22  Pylon  
  54  7:38  Nexus  
  54  7:40  Assimilator  
  54  7:41  Pylon  
  54  7:54  Probe  
  55  7:58  Probe  
  55  8:01  Adept  
  55  8:03  Pylon  
  58  8:06  Probe  
  58  8:10  Void Ray (Chrono Boost)  
  58  8:11  Void Ray (Chrono Boost)  
  61  8:28  Probe x2  
  62  8:40  Probe  
  55  8:51  Probe  
  55  8:53  Probe  
  55  8:54  Nexus  
  57  8:57  Pylon x2, Adept  
  59  9:04  Pylon  
  58  9:10  Nexus  
  58  9:13  Pylon  
  58  9:15  Pylon  
  58  9:16  Probe  
  58  9:17  Fleet Beacon  
  59  9:18  Pylon  
  59  9:20  Assimilator  
  59  9:21  Probe  
  60  9:29  Adept  
  62  9:34  Forge  
  62  9:45  Probe (Chrono Boost)  
  64  9:49  Probe (Chrono Boost)  
  64  9:51  Protoss Air Armor Level 1 (Chrono Boost)  
  64  9:55  Probe (Chrono Boost)  
  64  9:57  Adept  
  64  9:58  Probe (Chrono Boost)  
  61  10:14  Carrier x2 (Chrono Boost)  
  73  10:31  Nexus  
  73  10:34  Shield Battery  
  73  10:35  Shield Battery  
  73  10:37  Pylon  
  73  10:46  Adept  
  72  11:04  Probe  
  73  11:13  Pylon  
  73  11:15  Pylon  
  81  11:33  Probe  
  94  11:51  Pylon  
  94  11:52  Pylon  
  94  11:57  Pylon  
  94  12:09  Probe  
Tags
 
Add a new tag
Caveats
  • Supply blocks, unpowered buildings, or Contaminate may cause inaccurate times.
  • Supply counts are checked every 10 seconds.